 Dungeon Crawl Stone Soup version 0.29.1-2-gbd0b4ee654 (webtiles) character file.

Game seed: 2260965560267806172

16 whiskeysaurus the Insei (level 2, 0/18 HPs)
             Began as an Octopode Transmuter on Nov 17, 2022.
             Slain by a gnoll
             ... wielding a +0 whip
              (6 damage)
             ... on level 1 of the Dungeon.
             The game lasted 00:00:56 (599 turns).

whiskeysaurus the Insei (Octopode Transmuter)        Turns: 599, Time: 00:00:58

Health: 0/18       AC:  1    Str:  9    XL:     2   Next: 58%
Magic:  3/5        EV: 13    Int: 15    God:
Gold:   36         SH:  0    Dex: 12    Spells: 4/5 levels left

rFire   . . .      SeeInvis .     - Unarmed
rCold   . . .      Faith    .   (no shield)
rNeg    . . .      Spirit   .   (helmet currently unavailable)
rPois   .          Reflect  .   (no amulet)
rElec   .          Harm     .   (no ring)
rCorr   .          Rampage  .   (no ring)
Will    .....                   (no ring)
Stlth   ++........              (no ring)
HPRegen 0.06/turn               (no ring)
MPRegen 0.09/turn               (no ring)
                                (no ring)
                                (no ring)

@: appendages, very slightly contaminated
A: tentacle spike 3, almost no armour, amphibious, 8 rings, camouflage 1,
gelatinous body 1, (nimble swimmer 1), tentacles
a: End Transformation


You were on level 1 of the Dungeon.
One of your tentacles had grown a beastly spike.
You visited 1 branch of the dungeon, and saw 1 of its levels.

You collected 36 gold pieces.

Inventory:

Scrolls
 b - a scroll of amnesia {unknown}
 c - 2 scrolls of identify {unknown}
Potions
 a - a potion of lignification


   Skills:
 + Level 1.1 Fighting
 + Level 2.1 Dodging
 * Level 3.2 Unarmed Combat
 * Level 2.3 Spellcasting
 * Level 2.3 Transmutations


You had 4 spell levels left.
You knew the following spells:

 Your Spells              Type           Power      Damage    Failure   Level
a - Beastly Appendage     Tmut           16%        N/A       9%          1

Your spell library contained the following spells:

 Spells                   Type           Power      Damage    Failure   Level
 Wereblood                Tmut           8%         N/A       13%         2
 Spider Form              Tmut/Pois      5%         N/A       38%         3
 Ice Form                 Ice/Tmut       5%         N/A       80%         4


Dungeon Overview and Level Annotations

Branches:
Dungeon (1/15)

Altars:


Innate Abilities, Weirdness & Mutations

One of your tentacles has grown a beastly spike.
You cannot wear most types of armour.
You are amphibious.
You can wear up to eight rings at the same time.
Your skin changes colour to match your surroundings (Stealth+).
Your rubbery body absorbs attacks. (AC +1, EV +1)
((You are camouflaged when in or above water. (Stealth+)))
You have tentacles for arms and can constrict up to eight enemies at once.


Message History

The hobgoblin closely misses you.
You barely miss the hobgoblin. You grab the hobgoblin.
You pierce the hobgoblin.
Your tentacle-slap misses the hobgoblin.
The hobgoblin is almost dead.
You constrict the hobgoblin.
You kill the hobgoblin!
No target in view!
No target in view!
Your transformation is almost over.
Your tentacle spike disappears.
Found an escape hatch in the floor.
A gnoll comes into view. It is wielding a +0 whip.
Found 4 poisoned darts.
Found a scroll labelled FUSCHEW DONGU.
You miscast Beastly Appendage.
You are very lightly contaminated with residual magic.
Nothing appears to happen.
One of your tentacles grows a vicious spike.
You closely miss the gnoll. Your grab misses the gnoll.
Your squeeze misses the gnoll. The gnoll hits you with a +0 whip!
Ouch! That really hurt!
You are too injured to fight recklessly!
You are too injured to fight recklessly!
You are too injured to fight recklessly!
You closely miss the gnoll. Your grab misses the gnoll.
You pierce the gnoll.
The gnoll is lightly wounded.
The gnoll hits you with a +0 whip.
You tentacle-slap the gnoll but do no damage.
Your grab misses the gnoll.
The gnoll is lightly wounded.
The gnoll closely misses you.
You tentacle-slap the gnoll but do no damage.
Your grab misses the gnoll. You squeeze the gnoll.
The gnoll is severely wounded.
The gnoll barely misses you.
You barely miss the gnoll. Your grab misses the gnoll.
The gnoll is severely wounded.
The gnoll hits you with a +0 whip.
You die...

#.# #.# #.# ##...##
#.# #.# ##.###..#..#
#.####.###......###.#
#...........###..#..#
#.####...........>.##
######.#
#####.#########
.......# #.# ######_#
######.####
###.###......@..#
#.........##..g..#
#.#######.#####.?#
#.# ..# #.# .# ####.#
.( #....# #. ...###
.# #..#


You could see a gnoll.

Vanquished Creatures
  An endoplasm (D:1)
  2 hobgoblins (D:1)
  6 jackals (D:1)
  A kobold (D:1)
  A quokka (D:1)
  A ball python (D:1)
  A rat (D:1)
13 creatures vanquished.

Notes
Turn   | Place    | Note
-------+----------+-------------------------------------------
     0 | D:1      | whiskeysaurus the Octopode Transmuter began the quest for
                  | the Orb.
     0 | D:1      | Reached XP level 1. HP: 13/13 MP: 3/3
   288 | D:1      | Reached XP level 2. HP: 18/18 MP: 3/5
   534 | D:1      | Found a faded altar of an unknown god.
   599 | D:1      | Slain by a gnoll

Illustrated notes

Levels and vault maps discovered:
D:1:      dpeg_arrival_rooms_with_view, layout_loops_ring,
          basic_ecumenical_altar, chequers_serial_rivers_large_a

Action                   || total
-------------------------++-------
Melee: Unarmed           ||    33
       Constrict         ||     9
       Kick              ||     9
       Tentacles         ||     4
       Punch             ||     1
 Cast: Beastly Appendage ||     8
 Stab: Sleeping          ||     1
Armor: Skin              ||     5
Dodge: Dodged            ||    19
